 Dungeon Crawl Stone Soup version 0.30.1-4-g462c640d31 (webtiles) character file.

Game seed: 15856311033679973197

1804 croobank the Covert (level 9, 0/53 (61) HPs)
             Began as an Octopode Delver on Aug 31, 2023.
             Was an Initiate of Gozag.
             Slain by a wight
             ... wielding a +5 long sword
              (11 damage)
             ... on level 7 of the Dungeon.
             The game lasted 00:16:09 (5522 turns).

croobank the Covert (Octopode Delver)               Turns: 5522, Time: 00:16:09

HP:   0/53 (61)     AC:  7    Str: 11    XL:     9   Next: 9%
MP:   2/13          EV: 15    Int: 16    God:    Gozag
Gold: 614           SH:  0    Dex: 14    Spells: 5/14 levels left

rFire   . . .        a - +0 short sword
rCold   . . .        (no shield)
rNeg    + . .        D - +2 hat
rPois   .            x - amulet of regeneration
rElec   .            q - +4 ring of protection
rCorr   .            s - ring of positive energy
SInv    .            (no ring)
Will    .....        (no ring)
Stlth   +++++        (no ring)
HPRegen 1.08/turn    (no ring)
MPRegen 0.13/turn    (no ring)
                     (no ring)

%: no passive effects
@: gold aura, on berserk cooldown, slowed, heavily drained, very slow
A: almost no armour, amphibious, 8 rings, camouflage 1, gelatinous body 1,
(nimble swimmer 1), tentacles
a: Renounce Religion, Potion Petition, Call Merchant, Bribe Branch


You were on level 7 of the Dungeon.
You worshipped Gozag.
Gozag was pleased with you.
You visited 1 branch of the dungeon, and saw 7 of its levels.
You also visited: Bailey.

You collected 728 gold pieces.
You paid 114 gold pieces to Gozag.

Inventory:

Hand Weapons
 a - a +0 short sword (weapon)
 g - a +0 quarterstaff
 j - a +0 dagger
 t - a +0 shortbow
 v - a +0 long sword
 J - a +2 flail of protection
 N - a +0 trident
Missiles
 f - 19 poisoned darts
 h - 3 boomerangs (quivered)
 i - a boomerang of dispersal
 F - 3 silver boomerangs
Armour
 w - a +1 kite shield of protection
 D - a +2 hat (worn)
Magical Staves
 G - a staff of fire
Jewellery
 q - a +4 ring of protection (left tentacle)
 s - a ring of positive energy (right tentacle)
 x - an amulet of regeneration (around mantle)
Wands
 c - a wand of flame (32)
 n - a wand of paralysis (9)
 o - a wand of polymorph (9)
Scrolls
 b - 2 scrolls of fog
 d - 4 scrolls of fear
 k - 4 scrolls of poison
 p - 3 scrolls of torment
 E - 2 scrolls of teleportation
 H - a scroll of enchant weapon {unknown}
 I - a scroll of blinking {unknown}
 K - a scroll of vulnerability {unknown}
 M - a scroll of amnesia {unknown}
Potions
 e - 2 potions of haste
 l - 5 potions of curing
 m - 3 potions of invisibility
 r - 2 potions of ambrosia
 u - a potion of attraction
 z - a potion of brilliance
 A - 2 potions of flight
 B - a potion of berserk rage
 C - a potion of mutation
 L - 2 potions of cancellation


   Skills:
 + Level 5.4 Fighting
 + Level 4.7 Short Blades
 + Level 4.7 Dodging
 + Level 9.3 Stealth
 + Level 3.0 Spellcasting
 + Level 3.2 Conjurations
 + Level 3.2 Air Magic
 + Level 4.0 Poison Magic


You had 5 spell levels left.
You knew the following spells:

 Your Spells              Type           Power      Damage    Failure   Level
a - Mephitic Cloud        Conj/Pois/Air  13%        N/A       13%         3
b - Swiftness             Air            12%        N/A       14%         3
c - Ozocubu's Armour      Ice            2%         N/A       50%         3

Your spell library contained the following spells:

 Spells                   Type           Power      Damage    Failure   Level
 Magic Dart               Conj           48%        1d5       4%          1
 Call Imp                 Summ           4%         N/A       28%         2
 Ensorcelled Hibernation  Hex/Ice        4%         N/A       28%         2
 Passwall                 Tmut/Erth      1%         N/A       28%         2
 Conjure Ball Lightning   Conj/Air       6%         3x3d6     100%        6
 Ozocubu's Refrigeration  Ice            1%         4d7       100%        7


Dungeon Overview and Level Annotations

Branches:
Dungeon (7/15)             Temple (0/1) D:6          Bailey (visited)

Altars:
Gozag
Nemelex Xobeh
Okawaru
Vehumet

Shops:
D:6 *


Innate Abilities, Weirdness & Mutations

You cannot wear most types of armour.
You are amphibious.
You can wear up to eight rings at the same time.
Your skin changes colour to match your surroundings (Stealth+).
Your rubbery body absorbs attacks. (AC +1, EV +1)
((You are camouflaged when in or above water. (Stealth+)))
You have tentacles for arms and can constrict up to eight enemies at once.


Message History

You partially resist.
You feel drained.
You hit the wight. You squeeze the wight.
The wight is moderately damaged.
You constrict the wight. x2
The wight struggles to escape constriction. x3
The wight misses you. x2
You hit the wight.
You squeeze the wight, but do no damage.
The wight is heavily damaged.
You constrict the wight. x2; The wight closely misses you.
The wight barely misses you. The wight hits you with a +0 flail.
You partially resist.
You feel drained.
You hit the wight but do no damage. You grab the wight.
You squeeze the wight, but do no damage.
You constrict the wight.
You constrict the wight, but do no damage. x2
The wight hits you with a +5 long sword.
You partially resist.
You feel drained. The wight barely misses you. The wight misses you.
The wight closely misses you.
You hit the wight but do no damage.
You tentacle-slap the wight, but do no damage.
The wight is lightly damaged.
You constrict the wight. x3
The wight hits you with a +5 long sword!
You partially resist.
You feel drained.
The wight struggles to escape constriction.
The wight hits you with a +0 flail! The wight barely misses you.
You hit the wight but do no damage. Your squeeze misses the wight.
The wight is severely damaged.
You constrict the wight. x3; The wight misses you.
The wight completely misses you. The wight hits you with a +0 flail!
The wight hits you from afar with a +0 spear!
* * * LOW HITPOINT WARNING * * *
You hit the wight but do no damage.
The wight is moderately damaged.
You constrict the wight. x3
You destroy the wight!
The wight hits you with a +5 long sword!
You die...
Your body crumbles into a pile of gold.

<.....# *,,,......#****,*,*****
....### ****#.....##***,*,*****
.....# #......,,,,,,,*,,** ..##.#
#....#****,****,,**
####.##########....####*,****,,**
...........).......'...,,,,,,,,,,
.............$.....#*******,*,,**
##############$$...#####***,*<,*,
#..@.......,,,,**,,,
##z$z......,,,,****, *******
##z.......,,,,****, ,,,,,,*
#........,,,,,,,,, ,,,,,,*
#........,,,****** ,,,,,,*
#........,,,* ,,,,,,*
#........,,,* ,,,,,,*
#........,,,** ,,,,,,*
*,,,,,,,,,,,,*


You could see 3 wights.

Vanquished Creatures
  A black bear (D:7)
  An ice beast (D:6)
  7 orc warriors (Bailey)
  2 centaurs
  Blork the orc (D:5)
  A scorpion (D:6)
  2 wights (D:7)
  A howler monkey (D:5)
  2 hounds
  3 orc priests
  A sleepcap (D:7)
  4 iguanas
  4 orc wizards
  2 adders
  2 gnolls (D:7)
  A shadow imp (D:4)
  4 white imps
  3 worms
  3 dart slugs
  25 orcs
  4 endoplasms
  3 giant cockroaches
  10 goblins
  7 hobgoblins
  4 jackals (D:1)
  10 kobolds
  3 quokkas
  7 ball pythons
  6 bats
  5 frilled lizards
  4 rats
133 creatures vanquished.

Notes
Turn   | Place    | Note
-------+----------+-------------------------------------------
     0 | D:5      | croobank the Octopode Delver began the quest for the Orb.
     0 | D:5      | Reached XP level 1. HP: 16/16 MP: 1/1
     1 | D:6      | Noticed an iguana
     5 | D:6      | Killed an iguana
     6 | D:6      | Reached XP level 2. HP: 21/21 MP: 2/2
     6 | D:6      | Reached XP level 3. HP: 26/26 MP: 3/3
    15 | D:6      | Found Gozag's Platinum Reserve.
    16 | D:6      | Found an opulent altar of Gozag.
   208 | D:3      | Noticed a centaur
   322 | D:2      | Reached skill level 7 in Stealth
   630 | D:1      | Reached XP level 4. HP: 31/31 MP: 4/4
  1425 | D:3      | Found a radiant altar of Vehumet.
  1679 | D:3      | Killed a centaur
  1680 | D:3      | Reached XP level 5. HP: 21/37 MP: 5/5
  1778 | D:3      | Learned a level 3 spell: Mephitic Cloud
  2257 | D:4      | Identified the +1 ring mail of Miott {Str+5}
  2270 | D:4      | Reached XP level 6. HP: 25/43 MP: 6/6
  2984 | D:5      | Noticed Blork the orc
  2987 | D:5      | Killed Blork the orc
  3055 | D:5      | Reached skill level 1 in Poison Magic
  3103 | D:5      | Found an iron altar of Okawaru.
  3338 | D:5      | Reached skill level 1 in Spellcasting
  3369 | D:5      | Reached skill level 8 in Stealth
  3369 | D:5      | Reached skill level 1 in Conjurations
  3381 | D:5      | Reached skill level 1 in Air Magic
  3381 | D:5      | Reached XP level 7. HP: 30/49 MP: 8/8
  3848 | D:6      | Became a worshipper of Gozag Ym Sagoz the Greedy
  4211 | D:6      | Found a staircase to the Ecumenical Temple.
  4541 | D:6      | Found a sparkling altar of Nemelex Xobeh.
  4750 | D:7      | Reached XP level 8. HP: 54/54 MP: 10/10
  4801 | D:7      | Found a flagged portal.
  4856 | Bailey   | Entered a bailey
  5159 | Bailey   | Reached skill level 5 in Fighting
  5165 | Bailey   | Reached skill level 9 in Stealth
  5215 | Bailey   | Got the Compilation of the Squall
  5220 | Bailey   | Learned a level 3 spell: Ozocubu's Armour
  5224 | Bailey   | Learned a level 3 spell: Swiftness
  5224 | Bailey   | Identified the +12 fire dragon scales "Mec Doaf" {rElec
                  | rF++ rC-}
  5500 | D:7      | Reached XP level 9. HP: 57/61 MP: 3/13
  5522 | D:7      | Slain by a wight

Illustrated notes

Levels and vault maps discovered:
D:1:      heliophobic_arrival_enchanted_forest, layout_rooms
D:2:      layout_rooms, kennysheep_nub, minmay_crystal_water,
          minmay_misc_feat_secret_circle, nicolae_figureground_pulse
D:3:      layout_rooms, mainiacjoe_overflow_tiny_flanked,
          kennysheep_big_empty_room
D:4:      minmay_skewed_foursquare, layout_basic
D:5:      layout_basic, mainiacjoe_overflow_catwalk, uniq_blork_the_orc
D:6:      layout_basic, nemelex_spade_bored_becter,
          nicolae_gozag_zags_fifth_avenue, minmay_temple_entry_ruins,
          wad_floor_pattern_untrapped
D:7:      layout_basic, enter_bailey_7

Skill      XL: |  1  2  3  4  5  6  7  8  9 |
---------------+----------------------------+-----
Stealth        | 7 8 9 |  9.3
Fighting       | 4 5 |  5.4
Short Blades   | 3 4 |  4.7
Dodging        | 3 4 |  4.7
Poison Magic   | 1 2 3 4 |  4.0
Spellcasting   | 1 2 3 |  3.0
Conjurations   | 1 2 3 |  3.2
Air Magic      | 1 2 3 |  3.2

Action                     |  1- 3 |  4- 6 |  7- 9 || total
---------------------------+-------+-------+-------++-------
  Melee: Short sword       |    54 |   132 |   147 ||   333
         Constrict         |    15 |    32 |    32 ||    79
         Tentacles         |    10 |    35 |    56 ||   101
         Punch             |       |       |     4 ||     4
  Throw: Boomerang         |       |       |     3 ||     3
   Cast: Mephitic Cloud    |       |       |    14 ||    14
         Ozocubu's Armour  |       |       |     2 ||     2
         Swiftness         |       |       |     1 ||     1
  Evoke: Wand              |     3 |       |     2 ||     5
    Use: Scroll            |     1 |    10 |     5 ||    16
         Potion            |       |       |     1 ||     1
   Stab: Sleeping          |     9 |    20 |     6 ||    35
         Confused          |       |       |     7 ||     7
         Paralysed         |       |       |     1 ||     1
 Armour: Skin              |     5 |    31 |    30 ||    66
  Dodge: Dodged            |    44 |    61 |    75 ||   180
